 Dungeon Crawl Stone Soup version 0.28-a0-751-gef3a642a4e (webtiles) character file.

Game seed: 15204938067633338117

71 KoroneIsBestGirl the Chiller (level 4, -2/30 HPs)
             Began as a Barachi Ice Elementalist on Oct 31, 2021.
             Was a Follower of Wu Jian.
             Slain by a gnoll (11 damage)
             ... on level 2 of the Dungeon.
             The game lasted 00:02:08 (2254 turns).

KoroneIsBestGirl the Chiller (BaIE)                 Turns: 2254, Time: 00:02:08

Health: -2/30      AC:  2    Str:  9    XL:     4   Next: 24%
Magic:  4/8        EV: 12    Int: 17    God:    Wu Jian [*.....]
Gold:   58         SH:  0    Dex: 12    Spells: 5/9 levels left

rFire   . . .      SeeInvis .   b - +0 dagger
rCold   . . .      Faith    .   (no shield)
rNeg    . . .      Spirit   .   a - +0 robe
rPois   .          Reflect  .   (no helmet)
rElec   .          Harm     .   (no cloak)
rCorr   .          Rampage  .   (no gloves)
Will    .....                   (no boots)
Stlth   ++........              (no amulet)
HPRegen 0.10/turn               c - ring of flight
MPRegen 0.11/turn               (no ring)

@: flying, slow
A: amphibious, slowness 1, strong legs 1, +LOS
a: Hop, Renounce Religion


You were on level 2 of the Dungeon.
You worshipped Wu Jian.
Wu Jian was aware of your devotion.
You visited 1 branch of the dungeon, and saw 2 of its levels.

You collected 58 gold pieces.

Inventory:

Hand Weapons
 b - a +0 dagger (weapon)
Armour
 a - a +0 robe (worn)
Jewellery
 c - a ring of flight (left hand)
Scrolls
 d - a scroll of amnesia {unknown}
 e - a scroll of immolation {unknown}
 h - a scroll of identify {unknown}
 i - a scroll of teleportation {unknown}
Potions
 f - a potion of might {unknown}
 g - 2 potions of ambrosia {unknown}


   Skills:
 + Level 3.2 Dodging
 - Level 1.7 Stealth
 + Level 3.1 Spellcasting
 + Level 5.5 Ice Magic


You had 5 spell levels left.
You knew the following spells:

 Your Spells              Type           Power      Damage    Failure   Level
a - Freeze                Ice            84%        1d10      1%          1
b - Frozen Ramparts       Ice            42%        1d6       5%          3

Your spell library contained the following spells:

 Spells                   Type           Power      Damage    Failure   Level
 Ozocubu's Armour         Ice            21%        N/A       5%          3
 Hailstorm                Conj/Ice       12%        3d5       50%         4


Dungeon Overview and Level Annotations

Branches:
Dungeon (2/15)

Altars:
Wu Jian


Innate Abilities, Weirdness & Mutations

You are amphibious.
You cover ground slowly.
You can hop short distances.
You have an extended range of vision and can be seen from far away.


Message History

Found a stone staircase leading up.
A gnoll comes into view. It is wielding a +0 spear.
A gnoll is nearby!
You see here 13 gold pieces.
The gnoll shouts!
You hear a shout! x2
A gnoll comes into view. It is wielding a +0 spear.
You see here 13 gold pieces.
A gnoll comes into view. It is wielding a +0 halberd.
Casting: Freeze (safe; 1% risk of failure)
Confirm with . or Enter, or press ? or * to list all spells.
The spell is quite dangerous to cast (6% risk of failure)!
Continue anyway? [Y]es or [N]o only, please.
The spell is quite dangerous to cast (6% risk of failure)!
Continue anyway?
Casting: Frozen Ramparts (quite dangerous; 6% risk of failure)
Press: ? - help, Dir - look around, f - activate The walls around you are covered in ice.
The wall freezes the gnoll.
The gnoll hits you from afar with a +0 spear.
The wall freezes the gnoll.
The wall freezes the gnoll.
The gnoll closely misses you.
The wall freezes the gnoll.
The gnoll hits you from afar with a +0 spear!
The wall freezes the gnoll.
The gnoll hits you from afar with a +0 spear.
* * * LOW HITPOINT WARNING * * *
The wall freezes the gnoll.
The gnoll barely misses you.
The wall freezes the gnoll.
You kill the gnoll!
The Council accepts your kill.
The wall freezes the gnoll.
You have reached level 4!
You feel clever.
The wall freezes the gnoll.
You kill the gnoll!
The Council accepts your kill.
The wall freezes the gnoll.
The gnoll closely misses you.
The wall freezes the gnoll.
The gnoll barely misses you.
The frozen ramparts melt away.
The gnoll hits you from afar with a +0 halberd!
You die...

##################
###########................#
#.....รท.....###########.....
#.#.#######@# #........
#.########..#.....
##g)........###.... #
#..........## ##.#>
#.####..########.###..#.
#.......## ##<#.#.#.
#.#.....$..# ##....#
#....<....#.# #..###
#.##..?..?..# #..#


You could see a gnoll.

Vanquished Creatures
  2 gnolls (D:2)
  An adder (D:2)
  3 dart slugs (D:1)
  3 ball pythons (D:1)
  A bat (D:1)
  5 endoplasms (D:1)
  3 giant cockroaches (D:1)
  6 goblins (D:1)
  2 hobgoblins (D:1)
  3 quokkas (D:1)
  2 frilled lizards (D:1)
  A kobold (D:1)
  A rat (D:1)
33 creatures vanquished.

Vanquished Creatures (others)
  A plant (D:1)
1 creature vanquished.

Grand Total: 34 creatures vanquished

Notes
Turn   | Place    | Note
-------+----------+-------------------------------------------
     0 | D:1      | KoroneIsBestGirl the Barachi Ice Elementalist began the
                  | quest for the Orb.
     0 | D:1      | Reached XP level 1. HP: 13/13 MP: 3/3
   245 | D:1      | Reached skill level 5 in Ice Magic
   245 | D:1      | Reached XP level 2. HP: 9/19 MP: 0/5
  1071 | D:1      | Reached XP level 3. HP: 24/24 MP: 5/7
  1072 | D:1      | Found a faded altar of an unknown god.
  1226 | D:1      | Prayed at the altar of an unknown god.
  1226 | D:1      | Became a worshipper of the Wu Jian Council
  1226 | D:1      | Reached * piety under Wu Jian
  2046 | D:2      | Learned a level 3 spell: Frozen Ramparts
  2252 | D:2      | Reached XP level 4. HP: 8/30 MP: 4/8
  2254 | D:2      | Slain by a gnoll

Illustrated notes

Levels and vault maps discovered:
D:1:      tarquinn_simple_flora_water_b, layout_loops_corners,
          shapermc_ecumenical_altar_starsandcircs
D:2:      layout_loops_ring, serial_shops, nicolae_shop_trees,
          minmay_rat_gold_closets, uniq_sigmund, uniq_jessica, uniq_robin,
          uniq_terence

Skill      XL: |  1  2  3 |
---------------+----------+-----
Ice Magic      | 5 |  5.5
Dodging        | 3 |  3.2
Spellcasting   | 3 |  3.1
Stealth        | |  1.7

Action                   |  1- 3 |  4- 6 || total
-------------------------+-------+-------++-------
Melee: Dagger            |    54 |       ||    54
       Unarmed           |     3 |       ||     3
 Cast: Freeze            |    41 |       ||    41
       Frozen Ramparts   |     1 |       ||     1
Invok: Lunge             |     1 |       ||     1
 Stab: Sleeping          |     1 |       ||     1
Armor: Robe              |     7 |       ||     7
Dodge: Dodged            |    59 |     2 ||    61

Table legend: (Time is in decaauts)
 A = Elapsed time spent in this place.
 B = Non-inter-level travel time spent in this place.
 C = Inter-level travel time spent in this place.
 D = Time resting spent in this place.
 E = Time spent auto-exploring this place.
 F = Levels seen in this place.
 G = Mean time per level.
                   A        B        C        D        E       F      G
               +--------+--------+--------+--------+--------+-----+--------+
         Total |   2420 |   2355 |     65 |     94 |   1961 |   2 | 1210.0 |
       Dungeon |   2420 |   2355 |     65 |     94 |   1961 |   2 | 1210.0 |
               +--------+--------+--------+--------+--------+-----+--------+

Top non-repeatable levels by time:
     D:1: 2135 daAuts
     D:2: 285 daAuts
